AoeStats
← Phil

Arabian Desert

509265844Analyzed
1v1 RM · 5d ago on Sep 26, 2026· 46m 59s· 2 players
Game mode
Random Map
Map size
Tiny (2 player)
Population
200
Speed
Normal
Resources
Standard
Victory
Conquest
Starting age
Dark Age
Ending age
Imperial Age
RankedLock teamsTeams togetherTeam positionsShared explorationLock speedFull tech treeHidden civsTurbo modeCheats
Victory
Defeat
🇺🇸 Saxons · United States
1009
+17
🇺🇸 Tatars · United States
1029
-17
Mr.Minimine
10:55 Feudal Age
16:06 Loom
19:25 Forging
21:49 Castle Age
21:01 Scale Mail Armor
21:27 Gold Mining
21:23 Double-Bit Axe
24:00 Iron Casting
24:34 Chain Mail Armor
25:10 Squires
25:00 Gambesons
25:25 Arson
27:32 Fletching
28:11 Bodkin Arrow
28:15 Horse Collar
28:48 Bow Saw
28:53 Elite Skirmisher
31:01 Stone Mining
31:52 Gold Shaft Mining
31:19 Heavy Plow
32:50 Padded Archer Armor
33:31 Thumb Ring
37:04 Town Watch
38:32 Wheelbarrow
40:36 Imperial Age
38:50 Murder Holes
40:42 Hand Cart
41:51 Bracer
42:22 Plate Mail Armor
43:36 Conscription
42:39 Elite Hearth Troop
45:49 Shield Wall
Phil
7:00 Loom
9:08 Feudal Age
9:48 Double-Bit Axe
17:24 Wheelbarrow
20:57 Castle Age
18:58 Horse Collar
19:11 Gold Mining
21:29 Bloodlines
21:15 Fletching
22:26 Bodkin Arrow
24:03 Bow Saw
32:33 Ballistics
40:50 Masonry
43:45 Imperial Age
42:02 Husbandry
41:58 Light Cavalry
44:12 Scale Barding Armor
44:18 Forging
44:40 Bracer
44:14 Hussar
47:49 Chain Barding Armor
Connection lost

Rejoining the realm…

Still unreachable

The connection could not be restored.

Session expired

The server has moved on; the page needs a fresh start.